 Dungeon Crawl Stone Soup version 0.19.5 (webtiles) character file.

1064 Santreim the Cudgeler (level 8, -4/71 HPs)
             Began as a Minotaur Abyssal Knight on Mar 6, 2017.
             Was a Priest of Lugonu.
             Slain by an ogre
             ... wielding a +0 giant spiked club
              (19 damage)
             ... on level 5 of the Dungeon.
             The game lasted 00:30:13 (4979 turns).

Santreim the Cudgeler (Minotaur Abyssal Knight)     Turns: 4979, Time: 00:30:13

Health: -4/71      AC: 10    Str: 20    XL:     8   Next: 6%
Magic:  8/8        EV:  9    Int:  9    God:    Lugonu [***...]
Gold:   207        SH:  2    Dex:  9    Spells: 0 memorised, 7 levels left

rFire  . . .     SeeInvis .     a - +1 mace
rCold  . . .     Gourm    .     B - +0 chain mail
rNeg   + . .     Faith    .     (no shield)
rPois  .         Spirit   .     (helmet restricted)
rElec  .         Reflect  +     (no cloak)
rCorr  .         Harm     .     (no gloves)
MR     .....                    (no boots)
Stlth  ..........               G - +2 amulet of reflection
                                m - ring of positive energy
                                I - ring of wizardry

@: no status effects
A: retaliatory headbutt, horns 2
a: Depart the Abyss, Bend Space, Banish, Renounce Religion


You were on level 5 of the Dungeon.
You worshipped Lugonu.
Lugonu was most pleased with you.
You were not hungry.

You visited 1 branch of the dungeon, and saw 5 of its levels.
You visited the Abyss 1 time.

You collected 207 gold pieces.

Inventory:

Hand Weapons
 a - a +1 mace (weapon)
 h - a +0 hunting sling
 k - a +0 hunting sling
 u - a +0 blowgun
 y - a +0 flail
Missiles
 f - 51 arrows
 i - 125 stones (quivered)
 v - 18 poisoned needles
Armour
 b - a +0 leather armour
 s - a +0 helmet
 z - a +0 ring mail
 B - a +0 chain mail (worn)
Jewellery
 e - a +4 ring of intelligence
 m - a ring of positive energy (right hand)
 G - a +2 amulet of reflection (around neck)
 I - a ring of wizardry (left hand)
Wands
 t - a wand of random effects (25/48)
 F - a wand of lightning (4/15)
Scrolls
 g - a scroll of random uselessness {unknown}
 l - a scroll of magic mapping {unknown}
 n - a scroll of immolation {unknown}
 r - a scroll of fear
 w - a scroll of recharging {unknown}
 A - a scroll of amnesia {unknown}
 C - a scroll of fog {unknown}
 D - 2 scrolls of teleportation {unknown}
 E - a scroll of enchant armour {unknown}
Potions
 d - a potion of degeneration {unknown}
 j - 2 potions of brilliance {unknown}
 o - 4 potions of curing
 p - a potion of invisibility
 q - a potion of heal wounds {unknown}
 x - a potion of haste {unknown}
 J - a potion of resistance {unknown}
Books
 H - a book of Necromancy

   Spells                             Type                      Level
   a - Pain                           Necromancy                   1
   b - Animate Skeleton               Necromancy                   1
   c - Vampiric Draining              Necromancy                   3
   d - Regeneration                   Charms/Necromancy            3
   e - Animate Dead                   Necromancy                   4
   f - Control Undead                 Necromancy                   4
Comestibles
 c - 2 bread rations
 K - a beef jerky


   Skills:
 + Level 6.6 Fighting
 + Level 7.0 Maces & Flails
 + Level 5.6 Armour
 + Level 4.1 Dodging
 + Level 2.5 Invocations


You had 7 spell levels left.
You didn't know any spells.

Dungeon Overview and Level Annotations

Branches:
Dungeon (5/15)             Temple (0/1) D:4

Altars:


Innate Abilities, Weirdness & Mutations

You reflexively headbutt those who attack you in melee.
You have a pair of horns on your head.


Message History

You barely miss the ogre. You headbutt the ogre.
You kill the ogre!
Lugonu accepts your kill.
Your Maces & Flails skill increases to level 7!
You have reached level 8!
You feel stronger.
Throwing (i - inventory):
i - 126 stones (quivered)
Press: ? - help, Shift-Dir - straight line, f - ogre
Aim: an ogre, wielding a giant spiked club You throw a stone.
The stone hits the ogre.
The ogre is lightly wounded.
You hit the ogre.
The ogre is moderately wounded.
The ogre hits you with a giant spiked club!
* * * LOW HITPOINT WARNING * * *
You feel better. The ogre hits you but does no damage.
You sock the ogre! Your headbutt misses the ogre.
The ogre is severely wounded.
The ogre hits you with a giant spiked club!!
You die...

#######
.....)#
#####.######
#.........#
#.##.####.#
#.##.# #.#
#.##.#
##.#########
##.##.#
#..))..[...#
.<..#.#
#.######@#.#
###.#.# #.#
#O#.# #
#.).# #.#
#)#.#
###รท### #.#
.(..# ....#
#.# .#....
#.### #.#
##.#... #.#
#.# # #..#
#.# #.# ..#
#.# #.# ...


You could see an ogre.

Vanquished Creatures
  The ghost of Dustman the Spear-Bearer, an amateur MiGl of Ru (D:4)
  2 ogres (D:5)
  A scorpion (D:4)
  3 wights (D:3)
  3 orc priests (D:4)
  A bullfrog skeleton (D:4)
  A centaur skeleton (D:4)
  Terence (D:3)
  5 worker ants
  8 adders
  3 oozes
  An adder skeleton (D:4)
  3 worms
  A dart slug (D:3)
  A leopard gecko (D:5)
  9 orcs
  6 giant cockroaches
  7 goblins
  3 hobgoblins
  6 jackals
  A quokka (D:4)
  5 bats
  5 frilled lizards
  10 kobolds
  A leopard gecko skeleton (D:4)
  11 rats
99 creatures vanquished.

Vanquished Creatures (others)
  An orc warrior (D:4)
1 creature vanquished.

Grand Total: 100 creatures vanquished

Notes
Turn   | Place    | Note
-------+----------+-------------------------------------------
     0 | Abyss:1  | Santreim the Minotaur Abyssal Knight began the quest for the Orb.
     0 | Abyss:1  | Reached XP level 1. HP: 19/19 MP: 1/1
    20 | D:1      | Escaped the Abyss
   322 | D:2      | Reached XP level 2. HP: 20/27 MP: 2/2
   735 | D:2      | Reached XP level 3. HP: 30/34 MP: 3/3
   955 | D:1      | Reached ** piety under Lugonu
  1156 | D:1      | Reached skill level 3 in Maces & Flails
  1587 | D:2      | Reached XP level 4. HP: 28/41 MP: 4/4
  1947 | D:3      | Reached skill level 5 in Fighting
  2222 | D:3      | Reached skill level 4 in Maces & Flails
  2222 | D:3      | Reached XP level 5. HP: 41/48 MP: 5/5
  2567 | D:3      | Noticed Terence
  2574 | D:3      | Killed Terence
  2733 | D:3      | Reached XP level 6. HP: 56/56 MP: 6/6
  2837 | D:3      | Reached *** piety under Lugonu
  2966 | D:4      | Reached skill level 5 in Maces & Flails
  3058 | D:4      | Noticed an orc warrior
  3071 | D:4      | Banished an orc warrior
  3175 | D:4      | Noticed Dustman's ghost (amateur MiGl)
  3187 | D:4      | Killed Dustman's ghost
  3187 | D:4      | Reached XP level 7. HP: 14/63 MP: 7/7
  3723 | D:4      | Found a staircase to the Ecumenical Temple.
  3847 | D:4      | Reached skill level 6 in Maces & Flails
  3903 | D:4      | Reached skill level 5 in Armour
  4682 | D:5      | Entered Level 5 of the Dungeon
  4974 | D:5      | Reached skill level 7 in Maces & Flails
  4974 | D:5      | Reached XP level 8. HP: 19/71 MP: 8/8
  4979 | D:5      | Slain by an ogre

Skill      XL: |  1  2  3  4  5  6  7 |
---------------+----------------------+-----
Fighting       | 4 5 6 |  6.6
Invocations    | 2 |  2.5
Maces & Flails | 3 4 5 7 |  7.0
Dodging        | 2 3 4 |  4.1
Armour         | 3 4 5 |  5.6

Action                   |  1- 3 |  4- 6 |  7- 9 || total
-------------------------+-------+-------+-------++-------
Melee: Mace              |    82 |   122 |    83 ||   287
       Headbutt          |    13 |    30 |    10 ||    53
Throw: Stone             |       |       |     1 ||     1
Invok: Banish            |       |     1 |       ||     1
  Use: Scroll            |       |     1 |     3 ||     4
       Potion            |       |     1 |     2 ||     3
  Eat: Chunk             |     2 |     1 |     3 ||     6
       Bread ration      |       |     1 |       ||     1
       Pizza             |       |       |     1 ||     1
       Beef jerky        |       |       |     1 ||     1
Armor: Leather armour    |    29 |     7 |       ||    36
       Ring mail         |       |     4 |       ||     4
       Chain mail        |       |    21 |    29 ||    50
Dodge: Dodged            |    89 |    57 |    30 ||   176
Block: Other             |       |       |     3 ||     3
